 Dungeon Crawl Stone Soup version 0.28.0-49-g6dfe1f597d (webtiles) character file.

Game seed: 3233324418236986885

35 nickcage the Vexing (level 3, 0/16 HPs)
             Began as a Spriggan Enchanter on May 13, 2022.
             Killed from afar by Sigmund (10 damage)
             ... with a puff of flame
             ... on level 2 of the Dungeon.
             The game lasted 00:04:56 (1511 turns).

nickcage the Vexing (Spriggan Enchanter)            Turns: 1511, Time: 00:04:57

Health: 0/16       AC:  2    Str:  4    XL:     3   Next: 17%
Magic:  4/8        EV: 17    Int: 18    God:
Gold:   7          SH:  0    Dex: 15    Spells: 5/7 levels left

rFire   . . .      SeeInvis +   a - +1 dagger
rCold   . . .      Faith    .   (no shield)
rNeg    . . .      Spirit   .   b - +0 robe
rPois   .          Reflect  .   (helmet restricted)
rElec   .          Harm     .   (no cloak)
rCorr   .          Rampage  .   (gloves unavailable)
Will    .....                   (boots unavailable)
Stlth   +++.......              (no amulet)
HPRegen 0.05/turn               (no ring)
MPRegen 0.11/turn               (no ring)

@: very quick
A: very small, no large weapons, unfitting armour, see invisible, speed 3
a: no special abilities


You were on level 2 of the Dungeon.
You visited 1 branch of the dungeon, and saw 2 of its levels.

You collected 7 gold pieces.

Inventory:

Hand Weapons
 a - a +1 dagger (weapon)
Armour
 b - a +0 robe (worn)
Scrolls
 d - a scroll of fog {unknown}
 f - a scroll of amnesia {unknown}
Potions
 c - a potion of invisibility
 e - a potion of curing {unknown}
 g - a potion of mutation {unknown}


   Skills:
 + Level 1.7 Short Blades
 - Level 2.6 Dodging
 - Level 4.4 Stealth
 - Level 2.6 Spellcasting
 - Level 5.0 Hexes


You had 5 spell levels left.
You knew the following spells:

 Your Spells              Type           Power      Damage    Failure   Level
a - Ensorcelled Hibernat  Hex/Ice        22%        N/A       9%          2

Your spell library contained the following spells:

 Spells                   Type           Power      Damage    Failure   Level
 Confusing Touch          Hex            20%        N/A       6%          3
 Tukima's Dance           Hex            20%        N/A       6%          3
 Dazzling Flash           Conj/Hex       22%        N/A       19%         3


Dungeon Overview and Level Annotations

Branches:
Dungeon (2/15)

Altars:

Annotations:
D:2 Sigmund


Innate Abilities, Weirdness & Mutations

You are very small and have problems with some larger weapons.
You are too small for most types of armour.
You have supernaturally acute eyesight. (SInv)
You cover ground extremely quickly. (Speed+++)


Message History

Found a human skeleton.
Found a faded altar of an unknown god.
An endoplasm comes into view.
The helpless endoplasm fails to defend itself.
You impale the endoplasm!!
You kill the endoplasm!
A hobgoblin comes into view.
The hobgoblin shouts!
You hear a shout!
A worm comes into view.
The hobgoblin completely misses you.
The worm moves out of view.
You barely miss the hobgoblin.
Sigmund the Dreaded comes into view.
He is wielding a +0 scythe.
The hobgoblin hits you.
The hobgoblin looks drowsy...
The helpless hobgoblin fails to defend itself.
You impale the hobgoblin!!
You kill the hobgoblin!
Sigmund casts a spell at you. The puff of flame misses you.
Press: ? - help, v - describe, . - travel The floor.
Casting: Ensorcelled Hibernation (safe; 9% risk of failure)
Confirm with . or Enter, or press ? or * to list all spells.
Aiming: Ensorcelled Hibernation (safe; 9% risk of failure)
Press: ? - help, Shift-Dir - straight line, f - Sigmund
Aim: Sigmund, wielding a +0 scythe and wearing a +0 robe (chance to affect: 53%) Sigmund looks drowsy...
A ball python comes into view.
You see here a hobgoblin corpse.
Found a smoky coppery potion.
The helpless Sigmund fails to defend himself.
You impale Sigmund!!
Sigmund is severely wounded.
Sigmund points at you and mumbles some strange words.
The magic dart hits you.
You hit Sigmund but do no damage.
Sigmund is severely wounded.
Sigmund casts a spell at you. The puff of flame hits you!
Ouch! That really hurt!
You die...

#.. #.. .... ##. ..
.#.## #. .. .... #. #.
... #. #.#w.##########
#. ..####... #_..÷...8#
#.
#.!...@###........####.
##.###.@..#.....÷.8..##.
.......†..#...÷....#.##.
...####.#.#÷...÷..8#.##.
# #.####...8.8...... #.#
#.##.##.##.###
######.###.##.##.##.#
............##.......#
#######...........####
#############


You could see Sigmund and a worm.

Vanquished Creatures
  A dart slug (D:1)
  A bat (D:1)
  5 endoplasms
  A giant cockroach (D:1)
  4 hobgoblins
  A kobold (D:1)
  2 quokkas (D:1)
  4 ball pythons (D:1)
  5 goblins (D:1)
  5 rats (D:1)
29 creatures vanquished.

Vanquished Creatures (others)
  8 plants (D:1)
8 creatures vanquished.

Grand Total: 37 creatures vanquished

Notes
Turn   | Place    | Note
-------+----------+-------------------------------------------
     0 | D:1      | nickcage the Spriggan Enchanter began the quest for the
                  | Orb.
     0 | D:1      | Reached XP level 1. HP: 9/9 MP: 5/5
   250 | D:1      | Reached skill level 4 in Hexes
   552 | D:1      | Reached XP level 2. HP: 10/13 MP: 6/6
   559 | D:1      | Learned a level 2 spell: Ensorcelled Hibernation
  1084 | D:1      | Reached XP level 3. HP: 16/16 MP: 2/8
  1374 | D:2      | Reached skill level 5 in Hexes
  1481 | D:2      | Found a faded altar of an unknown god.
  1504 | D:2      | Noticed Sigmund
  1511 | D:2      | Killed from afar by Sigmund

Illustrated notes

Levels and vault maps discovered:
D:1:      tarquinn_simple_flora_water_a, layout_basic
D:2:      layout_loops_ring, shapermc_ecumenical_altar_pompeii, hex_tiny,
          uniq_natasha, uniq_sigmund

Skill      XL: |  1  2  3 |
---------------+----------+-----
Hexes          | 4 5 |  5.0
Short Blades   | |  1.7
Dodging        | |  2.6
Stealth        | |  4.4
Spellcasting   | |  2.6

Action                   || total
-------------------------++-------
Melee: Dagger            ||   103
       Punch             ||     1
 Cast: Ensorcelled Hiber ||     5
 Stab: Sleeping          ||    12
       Distracted        ||     1
Armor: Robe              ||     2
Dodge: Dodged            ||    76
